 Dungeon Crawl Stone Soup version 0.29-a0-565-g7a16c6de65 (webtiles) character file.

Game seed: 5131605964664842493

7452 Gargoyl the Cruncher (level 11, -9/69 HPs)
             Began as a Gargoyle Berserker on June 12, 2022.
             Was a High Priest of Trog.
             Mangled by a centaur warrior zombie (11 damage)
             ... on level 10 of the Dungeon.
             The game lasted 00:11:32 (9567 turns).

Gargoyl the Cruncher (Gargoyle Berserker)           Turns: 9567, Time: 00:11:33

Health: -9/69      AC: 24    Str: 26    XL:     11   Next: 15%
Magic:  11/11      EV: 13    Int: 13    God:    Trog [*****.]
Gold:   453        SH:  0    Dex: 13    Spells: 10/10 levels left

rFire   + . .      SeeInvis .   t - +4 quarterstaff (chaos)
rCold   . . .      Faith    .   (shield currently unavailable)
rNeg    + . .      Spirit   .   A - +2 ring mail of the Yeti {rF+ Str+4 Int+4}
rPois   ∞          Reflect  .   c - +1 helmet
rElec   +          Harm     .   s - +1 cloak
rCorr   +          Rampage  +   o - +0 pair of gloves
Will    ++...                   v - +0 pair of boots
Stlth   +.........              z - amulet "Catabacw" {Acrobat Rampage Slay+3}
HPRegen 1.21/turn               j - ring of resist corrosion
MPRegen 0.12/turn               x - ring of flight

@: mighty, strong-willed, flying, regenerating
A: sickness immunity, AC +8, negative energy resistance 1, electricity
resistance, torment resistance 1, petrification resistance, clever 1, MP-powered
wands
a: Renounce Religion, Berserk, Trog's Hand, Brothers in Arms


You were on level 10 of the Dungeon.
You worshipped Trog.
Trog was extremely pleased with you.
You visited 1 branch of the dungeon, and saw 10 of its levels.

You collected 578 gold pieces.
You spent 125 gold pieces at shops.

Inventory:

Hand Weapons
 a - a +0 hand axe of protection
 t - a +4 quarterstaff of chaos (weapon)
 G - a +2 scimitar of flaming
Missiles
 h - 39 poisoned darts (quivered)
 r - a throwing net
Armour
 c - a +1 helmet (worn)
 o - a +0 pair of gloves (worn)
 s - a +1 cloak (worn)
 v - a +0 pair of boots (worn)
 A - the +2 ring mail of the Yeti (worn) {rF+ Str+4 Int+4}
   (You found it on level 6 of the Dungeon)

   Str:       It affects your strength (+4).
   Int:       It affects your intelligence (+4).
   rF:        It protects you from fire.
Jewellery
 j - a ring of resist corrosion (left hand)
 x - a ring of flight (right hand)
 z - the amulet "Catabacw" (around neck) {Acrobat Rampage Slay+3}
   (You acquired it on level 7 of the Dungeon)

   [amulet of the acrobat]

   It increases your evasion while moving and waiting.
   Slay:      It affects your accuracy & damage with ranged weapons and melee
   (+3).
   Rampage:   It bestows one free step when moving towards enemies.
 H - a ring of ice
Wands
 n - a wand of digging (3)
 w - a wand of iceblast (9)
 C - a wand of polymorph (13)
Scrolls
 b - 4 scrolls of fog
 d - 5 scrolls of teleportation
 u - 2 scrolls of fear
 B - 2 scrolls of poison
Potions
 e - 2 potions of flight
 g - 3 potions of mutation
 i - 2 potions of cancellation
 k - 2 potions of berserk rage
 l - a potion of haste
 m - a potion of invisibility
 p - a potion of attraction {unknown}
 q - 2 potions of might
 D - a potion of brilliance {unknown}
 E - a potion of heal wounds {unknown}
 F - a potion of lignification {unknown}


   Skills:
 + Level 8.4 Fighting
 + Level 4.4 Axes
 + Level 10.8 Staves
 + Level 8.5 Armour
 + Level 5.6 Dodging
 + Level 2.2 Stealth


You had 10 spell levels left.
You didn't know any spells.
Your spell library was empty.

Dungeon Overview and Level Annotations

Branches:
Dungeon (10/15)            Temple (0/1) D:7            Lair (0/6) D:8
    Orc: D:9-12

Altars:
Cheibriados
Dithmenos
Elyvilon
Kikubaaqudgha
Okawaru
Ru
Vehumet
Wu Jian
Xom
Zin

Shops:
D:3 ***(   D:5 [:[[   D:9 (

Annotations:
Abyss:1 Prince Ribbit


Innate Abilities, Weirdness & Mutations

You are immune to sickness and miasma.
Your stone body is resilient. (AC +8)
You are immune to poison.
You resist negative energy. (rN+)
You are resistant to electric shocks. (rElec)
You are resistant to unholy torment.
You are immune to petrification.
Your mind is acute. (Int +2)
You expend magic power (3 MP) to strengthen your wands.


Message History

The centaur warrior simulacrum hits you but does no damage.
The centaur warrior simulacrum closely misses you.
The centaur warrior zombie hits you but does no damage.
The centaur warrior zombie kicks you.
* * * LOW HITPOINT WARNING * * *
The centaur warrior simulacrum closely misses you.
The centaur warrior simulacrum kicks you but does no damage.
You feel better.
The centaur warrior zombie hits you but does no damage.
The centaur warrior zombie kicks you but does no damage.
The centaur warrior simulacrum closely misses you.
The centaur warrior simulacrum barely misses you.
You sock the centaur warrior zombie!
The centaur warrior zombie convulses!
The centaur warrior zombie is moderately damaged.
The centaur warrior zombie hits you!
* * * LOW HITPOINT WARNING * * *
The centaur warrior zombie kicks you but does no damage.
The centaur warrior simulacrum hits you but does no damage.
The centaur warrior simulacrum closely misses you.
You sock the centaur warrior zombie!
The centaur warrior zombie seems to grow stronger.
The centaur warrior zombie is heavily damaged.
The centaur warrior zombie misses you.
The centaur warrior zombie kicks you but does no damage.
The centaur warrior simulacrum barely misses you.
The centaur warrior simulacrum kicks you but does no damage.
You sock the centaur warrior zombie!
The centaur warrior zombie is heavily damaged.
The centaur warrior zombie barely misses you.
The centaur warrior zombie kicks you but does no damage.
The centaur warrior simulacrum barely misses you.
The centaur warrior simulacrum kicks you.
* * * LOW HITPOINT WARNING * * *
The centaur warrior simulacrum freezes you!!
* * * LOW HITPOINT WARNING * * *
Unknown command.
It was a potion of might.
You feel very mighty all of a sudden. The centaur warrior zombie hits you!
You die...

#### #) ###..#
#$)#?#..#
##'''ZZ##
#.....@.#
#.##....#
#......#######
#######..........
.................
.........########
######...# #...#
#...######


You could see a centaur warrior simulacrum and a centaur warrior zombie
(strong).

Vanquished Creatures
  A two-headed ogre (D:9)
  Maggie (D:6)
  An efreet (D:9)
  An unseen horror zombie (D:10)
  A hornet (D:7)
  Sigmund (D:6)
  3 wyverns
  6 yaks (D:8)
  A steam dragon (D:8)
  Menkaure (D:7)
  4 water moccasins
  5 orc warriors
  A black bear (D:4)
  3 ice beasts
  A centaur (D:9)
  3 kobold brigands
  3 bullfrogs
  4 scorpions
  A wight (D:7)
  15 killer bees
  2 howler monkeys
  A hound (D:4)
  5 orc priests
  Crazy Yiuf (D:2)
  2 gnoll shamans
  Jessica (D:2)
  2 iguanas
  11 orc wizards
  A statue (D:6)
  14 gnolls
  2 howler monkey skeletons (D:10)
  11 adders
  A white imp (D:6)
  An ufetubus (D:5)
  2 worms
  6 dart slugs
  34 orcs
  3 bats
  8 endoplasms
  8 goblins
  10 hobgoblins
  12 jackals
  6 quokkas
  11 ball pythons
  4 frilled lizards
  21 kobolds
  6 rats
243 creatures vanquished.

Vanquished Creatures (collateral kills)
  3 wights (D:7)
3 creatures vanquished.

Vanquished Creatures (others)
  2 orcs (D:8)
  A jackal zombie (D:4)
  8 plants
11 creatures vanquished.

Grand Total: 257 creatures vanquished

Notes
Turn   | Place    | Note
-------+----------+-------------------------------------------
     0 | D:1      | Gargoyl the Gargoyle Berserker began the quest for the Orb.
     0 | D:1      | Reached XP level 1. HP: 14/14 MP: 1/1
   200 | D:1      | Reached XP level 2. HP: 19/19 MP: 2/2
   566 | D:1      | Reached XP level 3. HP: 23/24 MP: 3/3
   819 | D:1      | Reached ** piety under Trog
  1380 | D:2      | Found a faded altar of an unknown god.
  1398 | D:2      | Reached XP level 4. HP: 25/29 MP: 4/4
  1726 | D:2      | Noticed Jessica
  1744 | D:2      | Killed Jessica
  2136 | D:2      | Reached XP level 5. HP: 32/33 MP: 5/5
  2263 | D:2      | Found the amulet of the Air {Inacc Air Fly rElec RMsl}
  2417 | D:2      | Found a runed translucent door.
  2418 | D:2      | Noticed Crazy Yiuf
  2428 | D:2      | Killed Crazy Yiuf
  2676 | D:3      | Found Veewisiu's General Store.
  2679 | D:3      | Bought a scroll of enchant armour for 105 gold pieces
  2686 | D:3      | Found Ykautio's Assorted Antiques.
  2707 | D:3      | Found Xewoira's Weapon Boutique.
  2761 | D:3      | Found a snail-covered altar of Cheibriados.
  2826 | D:3      | Found Waxteqye's Assorted Antiques.
  2830 | D:3      | Gained mutation: You expend magic power (3 MP) to
                  | strengthen your wands. [potion of mutation]
  2830 | D:3      | Gained mutation: Your mind is acute. (Int +2) [potion of
                  | mutation]
  2837 | D:3      | Bought a scroll labelled VOTUOGUXZYOQO for 20 gold pieces
  2915 | D:3      | Found a white marble altar of Elyvilon.
  2915 | D:3      | Found a glowing silver altar of Zin.
  2916 | D:3      | Found a sacrificial altar of Ru.
  3023 | D:3      | Found an iron altar of Okawaru.
  3601 | D:3      | Reached skill level 1 in Staves
  3696 | D:4      | Reached XP level 6. HP: 27/38 MP: 6/6
  3910 | D:4      | Noticed a black bear
  3922 | D:4      | Killed a black bear
  3923 | D:4      | Reached skill level 2 in Staves
  4199 | D:4      | Reached *** piety under Trog
  4460 | D:4      | Found a shimmering altar of Xom.
  4460 | D:4      | Found a shimmering altar of Xom.
  4461 | D:4      | Found a shimmering altar of Xom.
  4461 | D:4      | Found a shimmering altar of Xom.
  4463 | D:4      | Found a shimmering altar of Xom.
  4463 | D:4      | Found a shimmering altar of Xom.
  4606 | D:5      | Entered Level 5 of the Dungeon
  4609 | D:5      | Found Avoelafo's Book Boutique.
  4620 | D:5      | Reached XP level 7. HP: 44/44 MP: 7/7
  4635 | D:5      | Reached skill level 3 in Staves
  4689 | D:5      | Reached skill level 5 in Armour
  4864 | D:5      | Found Pugeshunuf's Antique Armour Boutique.
  4911 | D:5      | Found an ancient bone altar of Kikubaaqudgha.
  4978 | D:5      | Reached skill level 4 in Staves
  4984 | D:5      | Reached skill level 5 in Fighting
  5088 | D:5      | Found Fievvedd's Armour Shop.
  5109 | D:5      | Reached XP level 8. HP: 43/49 MP: 8/8
  5171 | D:5      | Reached skill level 5 in Staves
  5189 | D:5      | Found Uttad's Antique Armour Emporium.
  5277 | D:5      | Found an ornate altar of the Wu Jian Council.
  5601 | D:6      | Noticed Maggie
  5606 | D:6      | Noticed Sigmund
  5618 | D:6      | Killed Maggie
  5619 | D:6      | Reached skill level 6 in Staves
  5633 | D:6      | Killed Sigmund
  6115 | D:6      | Reached skill level 7 in Staves
  6115 | D:6      | Reached XP level 9. HP: 45/55 MP: 9/9
  6174 | D:6      | Found a radiant altar of Vehumet.
  6310 | D:6      | Identified the +2 ring mail of the Yeti {rF+ Str+4 Int+4}
  6412 | D:6      | Noticed Prince Ribbit
  6419 | D:6      | Banished Prince Ribbit
  6624 | D:6      | Reached **** piety under Trog
  6641 | D:6      | Reached skill level 8 in Staves
  6789 | D:7      | Noticed Menkaure
  6799 | D:7      | Killed Menkaure
  6800 | D:7      | Reached skill level 1 in Stealth
  7016 | D:7      | Found a staircase to the Ecumenical Temple.
  7017 | D:7      | Noticed a hornet
  7025 | D:7      | Killed a hornet
  7030 | D:7      | Identified a scroll of acquirement
  7030 | D:7      | Acquired the amulet "Catabacw" {Acrobat Rampage Slay+3}
  7218 | D:7      | Reached skill level 9 in Staves
  7218 | D:7      | Reached XP level 10. HP: 59/63 MP: 10/10
  7317 | D:7      | Found a shadowy altar of Dithmenos.
  7721 | D:8      | Found a flagged portal.
  7923 | D:8      | Found a staircase to the Lair.
  8038 | D:8      | Reached skill level 5 in Dodging
  8341 | D:9      | Reached skill level 10 in Staves
  8649 | D:9      | Noticed a two-headed ogre
  8657 | D:9      | HP: 1/96 [two-headed ogre/+0 giant club (11)]
  8658 | D:9      | Killed a two-headed ogre
  8659 | D:9      | Reached XP level 11. HP: 1/68 MP: 11/11
  8892 | D:9      | Found Otsouv's Weapon Shoppe.
  9132 | D:9      | Reached ***** piety under Trog
  9417 | D:10     | Entered Level 10 of the Dungeon
  9566 | D:10     | HP: 1/69 [centaur warrior simulacrum (19)]
  9567 | D:10     | Mangled by a centaur warrior zombie

Illustrated notes

Levels and vault maps discovered:
D:1:      shiori_arrival_elements, layout_basic
D:2:      layout_basic, hellmonk_ecumenical_altar_pennies_from_heaven,
          uniq_jessica, uniq_crazy_yiuf_cottage
D:3:      layout_loops_ring, nicolae_overflow_quartered_altars,
          mainiacjoe_overflow_alcove_4, serial_shops, nicolae_shop_stone,
          nicolae_shop_advertising_works [nicolae_subvault_shop_adworks],
          nicolae_shop_overgrown_old_shop, nicolae_shop_window_shopping
D:4:      layout_loops_ring, xom_redecorated
D:5:      layout_basic, kennysheep_mini, mainiacjoe_overflow_24_doors,
          serial_shops, nicolae_shop_window_shopping, shop, shop, shop,
          lexackson_kobold_supper
D:6:      layout_basic, vehumet_statue, lemuel_old_faithful, uniq_sigmund,
          uniq_maggie, uniq_prince_ribbit1
D:7:      layout_rooms, mainiacjoe_overflow_small_starburst, temple_doors_cd,
          nrook_uturn, uniq_menkaure
D:8:      layout_layer_cave, lair_entry_dummy, enter_bailey_1
D:9:      layout_long_grid, serial_shops, shop_statue
D:10:     layout_long_grid, mainiacjoe_overflow_six_doors_small,
          nicolae_ashenzari_panopticon, minmay_misc_feat_secret_circle,
          hangedman_weighted_door, dilly_guarded_unrand_elemental_staff

Skill      XL: |  1  2  3  4  5  6  7  8  9 10 |
---------------+-------------------------------+-----
Axes           | 3 4 |  4.4
Dodging        | 2 3 5 |  5.6
Armour         | 3 4 5 6 7 8 |  8.5
Fighting       | 4 5 6 7 8 |  8.4
Staves         | 1 2 4 7 9 10 | 10.8
Stealth        | 1 2 |  2.2

Action                   |  1- 3 |  4- 6 |  7- 9 | 10-12 || total
-------------------------+-------+-------+-------+-------++-------
Melee: Hand axe          |   116 |    76 |       |       ||   192
       Punch             |     1 |       |       |       ||     1
       Quarterstaff      |       |   111 |   232 |   191 ||   534
Invok: Trog's Hand       |       |     2 |     4 |     4 ||    10
       Berserk           |       |     1 |     3 |     3 ||     7
  Use: Scroll            |       |    15 |     5 |     5 ||    25
       Potion            |       |     1 |       |     3 ||     4
 Stab: Paralysed         |       |       |     1 |       ||     1
Armor: Animal skin       |    18 |       |       |       ||    18
       Ring mail         |    48 |    21 |    89 |   152 ||   310
       Plate armour      |       |   130 |   146 |       ||   276
       Skin              |       |     6 |       |       ||     6
Dodge: Dodged            |    86 |    87 |   130 |   185 ||   488

Table legend: (Time is in decaauts)
 A = Elapsed time spent in this place.
 B = Non-inter-level travel time spent in this place.
 C = Inter-level travel time spent in this place.
 D = Time resting spent in this place.
 E = Time spent auto-exploring this place.
 F = Levels seen in this place.
 G = Mean time per level.
                   A        B        C        D        E       F      G
               +--------+--------+--------+--------+--------+-----+--------+
         Total |   9643 |   9343 |    300 |    360 |   7102 |  10 |  964.3 |
       Dungeon |   9643 |   9343 |    300 |    360 |   7102 |  10 |  964.3 |
               +--------+--------+--------+--------+--------+-----+--------+

Top non-repeatable levels by time:
     D:1: 1387 daAuts
     D:3: 1229 daAuts
     D:6: 1136 daAuts
     D:2: 1122 daAuts
     D:9: 1085 daAuts
     D:5: 1005 daAuts
     D:4: 933 daAuts
     D:8: 889 daAuts
     D:7: 709 daAuts
    D:10: 144 daAuts
